 Dungeon Crawl Stone Soup version 0.24-a0-235-g3f03afcf10 (webtiles) character file.

Game seed: 15078575694879633587

245248 Redear the Peltast (level 19, -1/163 HPs)
             Began as an Octopode Fighter on Apr 5, 2019.
             Was the Champion of Cheibriados.
             Slain by a tengu reaver
             ... wielding a +3 great mace of protection
             ... led by Sojobo
              (13 damage)
             ... on level 1 of the Depths.
             The game lasted 05:56:56 (34581 turns).

Redear the Peltast (Octopode Fighter)              Turns: 34581, Time: 05:56:56

Health: -1/163     AC: 41    Str: 33    XL:     19   Next: 47%
Magic:  33/33      EV: 22    Int: 43    God:    Cheibriados [******]
Gold:   763        SH: 19    Dex: 26    Spells: 1/38 levels left

rFire    + . .     SeeInvis .   a - +3 scimitar (flame)
rCold    + . .     Gourm    .   l - +2 shield
rNeg     + . .     Faith    .   U - +1 hat {MR+} {MR+}
rPois    ∞         Spirit   .   q - amulet of magic regeneration
rElec    +         Reflect  .   o - ring of poison resistance {rPois}
rCorr    .         Harm     .   d - +5 ring of intelligence
MR       ++...     Rnd*Tele +   x - +5 ring of intelligence
Stlth    ++++++....             y - ring of wizardry {Wiz+}
HPRegen  1.77/turn              F - ring of protection from fire {rF+}
MPRegen  0.48/turn              i - +5 ring of protection
                                h - +4 ring of protection
                                c - ring of protection from cold {rC+}

@: statue-form, regenerating, very slow
A: almost no armour, stealthy swim, amphibious, 8 rings, constrict 8, fangs 1,
camouflage 1, clever 1, regeneration 1, teleportitis 1, wild magic 1
}: 2/15 runes: decaying, serpentine
a: End Transformation, Bend Time, Temporal Distortion, Slouch, Step From Time,
Renounce Religion


You were on level 1 of the Depths.
You worshipped Cheibriados.
Cheibriados was exalted by your worship.
You were not hungry.
You were a stone statue.
You visited 6 branches of the dungeon, and saw 32 of its levels.
You also visited: Sewer and Ice Cave.

You collected 2826 gold pieces.
You spent 2063 gold pieces at shops.

Inventory:

Hand Weapons
 a - a +3 scimitar of flaming (weapon)
 b - a +9 fustibalus
 C - a +3 scimitar of holy wrath
Missiles
 E - 125 sling bullets
 Z - a throwing net (quivered) {+f}
Armour
 k - a +0 large shield
 l - a +2 shield (worn)
 U - a +1 hat of magic resistance (worn) {MR+}
Jewellery
 c - a ring of protection from cold (on tentacle) {rC+}
 d - a +5 ring of intelligence (right tentacle)
 g - an uncursed ring of resist corrosion
 h - a +4 ring of protection (on tentacle)
 i - a +5 ring of protection (on tentacle)
 o - a ring of poison resistance (left tentacle) {rPois}
 q - an amulet of magic regeneration (around mantle)
 r - an uncursed amulet of regeneration {+Regen}
 w - the ring "Qeunt" {MP+9 SInv}
   (You found it on level 3 of the Lair of Beasts)

   [ring of magical power]

   It affects your magic capacity (+9).
   It lets you see invisible.
 x - a +5 ring of intelligence (on tentacle)
 y - a ring of wizardry (on tentacle) {Wiz+}
 F - a ring of protection from fire (on tentacle) {rF+}
 Y - an uncursed ring of positive energy {rN+}
Wands
 A - a wand of acid (41)
 P - a wand of paralysis (20)
 S - a wand of scattershot (4)
Scrolls
 e - 7 scrolls of immolation
 j - a scroll of summoning
 m - 4 scrolls of enchant weapon
 u - 3 scrolls of fear
 B - 4 scrolls of blinking {@r4}
 D - 3 scrolls of vulnerability
 J - 3 scrolls of fog
 M - 2 scrolls of magic mapping
 N - 26 scrolls of remove curse {@r2}
 R - 10 scrolls of identify {@r1}
 T - 3 scrolls of teleportation {@r3}
 W - 10 scrolls of enchant armour
Potions
 n - 9 potions of lignification
 p - 3 potions of mutation {!q}
 s - a potion of magic
 t - 3 potions of agility {Stlth+ Dex+5 EV+5 | @q4}
 v - 9 potions of heal wounds {@q1}
 G - a potion of ambrosia
 H - a potion of resistance {rF+ rC+ rPois rElec rCorr}
 I - 3 potions of brilliance {Archmagi Int+5 Wiz++}
 K - 5 potions of might {Str+5 DMG+1d10 | @q3}
 L - 3 potions of cancellation
 O - 5 potions of berserk rage
 Q - 9 potions of curing {@q2}
Miscellaneous
 V - a phantom mirror
Comestibles
 z - 37 rations


   Skills:
 - Level 10.0 Fighting
 - Level 10.0 Long Blades
 - Level 7.0 Slings
 - Level 10.0 Dodging
 - Level 10.0 Stealth
 - Level 16.7 Shields
 - Level 10.3 Spellcasting
 - Level 6.4 Conjurations
 - Level 6.8 Hexes
 - Level 3.1 Charms
 - Level 3.1 Necromancy
 + Level 3.8 Translocations
 - Level 10.0 Transmutations
 - Level 5.7 Fire Magic
 - Level 6.9 Ice Magic
 - Level 4.8 Air Magic
 - Level 10.0 Earth Magic
 - Level 8.0 Invocations


You had one spell level left.
You knew the following spells:

 Your Spells              Type           Power        Failure   Level  Hunger
c - Mephitic Cloud        Conj/Pois/Air  ######..     1%          3    None
e - Metabolic Englaciati  Hex/Ice        #######...   1%          5    None
f - Fireball              Conj/Fire      #######...   2%          5    None
q - Confusing Touch       Hex            ######       1%          1    None
r - Regeneration          Chrm/Necr      ######....   1%          3    None
v - Summon Mana Viper     Hex/Summ       ######..     6%          5    None
z - Animate Skeleton      Necr           N/A          1%          1    None
C - Controlled Blink      Tloc           N/A          100%        8    ######.
Y - Statue Form           Tmut/Erth      #######..    2%          6    ###....

Your spell library contained the following spells:

 Spells                   Type           Power        Failure   Level  Hunger
 Corona                   Hex            #######      1%          1    None
 Flame Tongue             Conj/Fire      #####        1%          1    None
 Freeze                   Ice            ####         1%          1    None
 Magic Dart               Conj           ####         1%          1    None
 Pain                     Necr           ####         1%          1    None
 Sandblast                Erth           ######       1%          1    None
 Summon Butterflies       Summ           ####....     1%          1    None
 Ensorcelled Hibernation  Hex/Ice        ######       1%          2    None
 Passwall                 Tmut/Erth      #######.     1%          2    None
 Poisonous Vapours        Pois/Air       ######       1%          2    None
 Swiftness                Chrm/Air       ######..     1%          2    None
 Throw Flame              Conj/Fire      ######       1%          2    None
 Throw Frost              Conj/Ice       ######       1%          2    None
 Confuse                  Hex            #######.     1%          3    None
 Conjure Flame            Conj/Fire      #######.     1%          3    None
 Dazzling Spray           Conj/Hex       ######       1%          3    None
 Gell's Gravitas          Tloc           ######....   1%          3    None
 Inner Flame              Hex/Fire       #######.     1%          3    None
 Ozocubu's Armour         Chrm/Ice       ######..     1%          3    None
 Portal Projectile        Hex/Tloc       ######       1%          3    None
 Stone Arrow              Conj/Erth      ######       1%          3    None
 Tukima's Dance           Hex            #######.     1%          3    None
 Vampiric Draining        Necr           ######....   1%          3    None
 Cause Fear               Hex            #######...   1%          4    None
 Force Lance              Conj/Tloc      ######..     1%          4    None
 Ice Form                 Ice/Tmut       #######.     1%          4    None
 Leda's Liquefaction      Hex/Erth       #######...   1%          4    None
 Passage of Golubria      Tloc           N/A          1%          4    None
 Petrify                  Tmut/Erth      #######.     1%          4    None
 Sticky Flame             Conj/Fire      #######.     1%          4    None
 Throw Icicle             Conj/Ice       #######.     1%          4    None
 Borgnjor's Vile Clutch   Necr/Erth      #######...   1%          5    None
 Lee's Rapid Deconstruct  Erth           #######...   1%          5    None
 Yara's Violent Unravell  Hex/Tmut       #######...   1%          5    None
 Call Canine Familiar     Summ           ####....     2%          3    None
 Animate Dead             Necr           N/A          2%          4    None
 Summon Ice Beast         Ice/Summ       ######..     2%          4    None
 Silence                  Hex/Air        #######...   2%          5    None
 Ozocubu's Refrigeration  Ice            #######...   7%          6    ###....
 Darkness                 Hex            #######...   8%          6    ###....
 Invisibility             Hex            #######.     8%          6    ###....
 Bolt of Cold             Conj/Ice       #######...   9%          6    ###....
 Bolt of Fire             Conj/Fire      #######...   10%         6    ###....
 Freezing Cloud           Conj/Ice/Air   #######...   10%         6    ###....
 Conjure Ball Lightning   Conj/Air       #######...   12%         6    ###....
 Simulacrum               Ice/Necr       ######....   14%         6    ###....
 Deflect Missiles         Chrm/Air       ######....   21%         6    ###....
 Dispersal                Tloc           ######....   22%         6    ###....
 Ring of Flames           Chrm/Fire      ######....   63%         7    #####..
 Shadow Creatures         Summ           N/A          67%         6    ###....
 Discord                  Hex            #######...   92%         8    ######.
 Summon Hydra             Summ           ####......   99%         7    #####..
 Disjunction              Tloc           ######....   100%        8    ######.


Dungeon Overview and Level Annotations

Branches:
Dungeon (15/15)            Temple (0/1) D:5            Lair (6/6) D:11
  Swamp (4/4) Lair:4        Snake (4/4) Lair:3        Slime (0/5) Lair:5
    Orc (2/2) D:9             Elf (0/3) Orc:2        Vaults (0/5) D:14
 Depths (1/5) D:15

Altars:
Cheibriados
Dithmenos
Elyvilon
Fedhas
Hepliaklqana
Kikubaaqudgha
Makhleb
Nemelex Xobeh
Qazlal
Ru
Sif Muna
Trog
Vehumet
Wu Jian
Xom
Yredelemnul
The Shining One
Beogh
Jiyva

Shops:
D:4 *   D:8 (   D:12 =   Orc:2 }(?*   Snake:1 %*   Snake:3 *   Snake:4 *

Portals:
Hell: Lair:6
Pandemonium: Orc:2
Ziggurat: Depths:1

Annotations:
Lair:1 Gastronok
Depths:1 Sojobo


Innate Abilities, Weirdness & Mutations

You cannot wear most types of armour.
You are very stealthy in the water. (Stealth+)
You are amphibious.
You can wear up to eight rings at the same time.
You can use your tentacles to constrict eight enemies at once.
Your skin changes colour to match your surroundings (Stealth+).
((Your rubbery body absorbs attacks. (AC +1, EV +1)))
You have very sharp teeth.
Your mind is acute. (Int +2)
Your natural rate of healing is unusually fast.
You are occasionally teleported next to monsters.
Your spells are a little harder to cast, but a little more powerful.


Message History

The tengu reaver points at you and mumbles some strange words.
The bolt of magma hits you!! You partially resist.
The battlesphere fires!
The barrage of energy hits you but does no damage.
Sojobo sneers, "There are one thousand and one flaws in your strategy!"
Sojobo waves her feathered arms in wide circles.
The air twists around and strikes you!
A vortex of raging winds appears around the air elemental!
The tengu reaver gestures at you while chanting.
The bolt of magma hits you!! You partially resist.
* * * LOW HITPOINT WARNING * * *
The battlesphere fires!
The barrage of energy hits you!!
* * * LOW HITPOINT WARNING * * *
Unknown command.
You take 78 damage, and have 9/163 hp.
MASSIVE DAMAGE!!
You regained 2 mp, and now have 32/33 mp.
You miss the tengu reaver. Your grab misses the tengu reaver.
Your squeeze misses the tengu reaver.
The tengu reaver is severely wounded.
The tengu reaver hits you with a +3 great mace of protection!
You die...

......§QQE§§§.............[....#.
......§E.........................
#.....§§.$..............(........
......u§.............#...........
............Q........(..(......##
...u....§§§§§§...*#.............
........§§§§§§..................
u...#...§§§§§§.Q................
........§§.§§E.8...#...........#
.......§§§§§§......... .##..
......§§§§§§......... ..#
.§§§§§#....^.... ................
........!....... ............#...
...#............ ....#..#.....


You could see Sojobo, a tengu reaver, an air elemental and a battlesphere.

Vanquished Creatures
  Vashnia (Snake:4)
  A tentacled monstrosity (Swamp:4)
  A lich (Depths:1)
  A thorn hunter (Swamp:3)
  Frances (D:13)
  A tengu reaver (Depths:1)
  6 nagarajas (Snake:4)
  Kirke (D:15)
  Donald (Swamp:4)
  An orc warlord (Orc:2)
  Aizul (Snake:4)
  Louise (D:14)
  3 very ugly things
  Nessos (D:13)
  Azrael (D:13)
  2 dire elephants (Lair:6)
  Snorg (Lair:3)
  2 yaktaur captains
  3 fire dragons
  2 ogre magi (D:14)
  5 vault guards (D:14)
  25 hydras
  An ice dragon (Swamp:3)
  Erica (Orc:1)
  3 shambling mangroves
  15 naga warriors
  4 centaur warriors
  10 anacondas
  15 alligators
  4 two-headed ogres
  A death knight (D:11)
  9 shock serpents
  5 orc high priests (Orc:2)
  9 naga sharpshooters
  A sun demon (Lair:6)
  A fire crab (Swamp:4)
  A sixfirhy (Orc:2)
  5 unseen horrors
  3 skeletal warriors (D:12)
  A salamander mystic (Snake:4)
  8 sea snakes (Snake:4)
  5 naga ritualists
  2 spriggan druids
  2 gelid demonspawn (Orc:2)
  A wizard (Lair:6)
  A lindwurm (Swamp:4)
  A deep elf archer (D:14)
  7 orc knights
  5 swamp dragons
  9 ugly things
  A deep elf mage (D:15)
  An infernal demonspawn (Orc:2)
  6 mana vipers
  8 salamanders
  8 elephants (Lair:6)
  6 orc sorcerers (Orc:2)
  6 cyclopes
  A manticore (D:15)
  5 centaur zombies
  11 guardian serpents
  A rust devil (Orc:2)
  A torpor snail (Lair:6)
  5 ice statues (IceCv)
  26 black mambas
  15 naga magi
  2 smoke demons
  2 gargoyles (D:14)
  3 orange demons
  19 spiny frogs
  2 kobold demonologists
  5 rime drakes
  3 anaconda simulacra (IceCv)
  A tengu conjurer (Depths:1)
  6 komodo dragons
  5 yaktaurs
  3 red devils
  A hellwing (Orc:2)
  7 trolls
  3 ice devils (Lair:6)
  4 polar bears
  9 tyrant leeches
  6 bog bodies
  28 blink frogs
  18 hornets
  25 slime creatures
  A hippogriff (shapeshifter) (D:15)
  10 hippogriffs
  3 shadows
  7 spriggans
  2 dire elephant simulacra (IceCv)
  3 wyverns
  A vampire (D:11)
  36 yaks
  A fire elemental (D:13)
  7 basilisks
  A hog (D:15)
  A neqoxec (Orc:2)
  A wraith (D:13)
  33 vampire mosquitoes
  4 hungry ghosts
  A human (D:14)
  A steam dragon (D:7)
  Menkaure (D:7)
  18 insubstantial wisps
  3 wargs
  51 nagas
  23 swamp worms
  A soldier ant (D:15)
  A swamp worm (shapeshifter) (D:14)
  A hydra simulacrum (IceCv)
  12 porcupines
  7 hell hounds
  10 water moccasins
  8 sky beasts
  19 swamp drakes
  7 ice beasts
  2 black bears
  3 ettin simulacra (IceCv)
  2 eyes of draining
  11 ogres
  38 orc warriors
  A wolf (Lair:6)
  6 centaurs
  15 crocodiles
  4 big kobolds
  21 bullfrogs
  A gnoll sergeant (D:7)
  A wyvern zombie (D:10)
  5 scorpions
  4 killer bees (D:8)
  6 wights
  A howler monkey (D:6)
  5 crimson imps
  A lava snake (Swamp:4)
  4 bullfrog zombies
  11 hounds
  2 quasits
  4 jellies
  34 orc priests
  A gnoll shaman (D:8)
  5 iguanas
  2 bullfrog skeletons
  7 centaur skeletons
  30 orc wizards
  7 hell rats (Lair:5)
  8 worker ants
  3 killer bee zombies
  A hound zombie (D:9)
  2 hound skeletons
  A worker ant zombie (D:5)
  14 gnolls
  13 adders
  2 river rats
  2 shadow imps
  An ooze (D:7)
  3 adder skeletons
  An adder zombie (D:7)
  3 worms
  2 dart slugs (D:3)
  5 leopard geckos
  104 orcs
  A bat (D:3)
  A giant cockroach (D:1)
  6 goblins
  10 hobgoblins
  13 jackals
  26 kobolds
  3 quokkas
  4 ball pythons
  2 jackal skeletons
  A leopard gecko skeleton (D:4)
  A leopard gecko zombie (D:7)
  2 quokka skeletons (D:5)
  9 rats
  A fungus (Lair:6)
  A plant (Lair:5)
1200 creatures vanquished.

Vanquished Creatures (collateral kills)
  Roxanne (Snake:1)
  A nagaraja (Snake:3)
  4 naga warriors
  A sea snake (Snake:4)
  A mana viper (Snake:1)
  3 naga magi
  7 nagas
  2 electric eels (Snake:4)
  An adder (Snake:4)
  4 plants (Snake:4)
25 creatures vanquished.

Vanquished Creatures (others)
  A fire dragon (Swamp:4)
  A hydra (Swamp:4)
  2 deep troll earth magi (Depths:1)
  4 deep trolls (Depths:1)
  A swamp dragon (Swamp:4)
  A deep elf mage (D:14)
  A lindwurm (Swamp:4)
  A komodo dragon (Swamp:1)
  2 steam dragons (Swamp:4)
  A swamp drake (Swamp:4)
  3 bushes (D:15)
  13 fungi
  17 plants
48 creatures vanquished.

Grand Total: 1273 creatures vanquished

Notes
Turn   | Place    | Note
-------+----------+-------------------------------------------
     0 | D:1      | Redear the Octopode Fighter began the quest for the Orb.
     0 | D:1      | Reached XP level 1. HP: 16/16 MP: 1/1
   305 | D:1      | Reached XP level 2. HP: 14/21 MP: 2/2
   804 | D:2      | Found a bloodstained altar of Trog.
   930 | D:2      | Found a faded altar of an unknown god.
  1191 | D:2      | Found a faded altar of an unknown god.
  1191 | D:2      | Found a basalt altar of Yredelemnul.
  1207 | D:2      | Found a sparkling altar of Nemelex Xobeh.
  1209 | D:2      | Found a glowing golden altar of the Shining One.
  1211 | D:2      | Found a radiant altar of Vehumet.
  1310 | D:3      | Found a snail-covered altar of Cheibriados.
  1312 | D:3      | Reached XP level 3. HP: 26/26 MP: 3/3
  1315 | D:3      | Became a worshipper of Cheibriados the Contemplative
  1340 | D:3      | Reached XP level 4. HP: 6/31 MP: 4/4
  1348 | D:3      | HP: 2/31 [orc/+0 club (4)]
  1371 | D:3      | Reached skill level 3 in Long Blades
  1389 | D:3      | Reached XP level 5. HP: 14/37 MP: 5/5
  1394 | D:3      | Reached * piety under Cheibriados
  1419 | D:3      | Noticed a sky beast
  1440 | D:3      | Killed a sky beast
  1440 | D:3      | Reached skill level 4 in Fighting
  1440 | D:3      | Reached skill level 4 in Dodging
  1440 | D:3      | Reached skill level 4 in Shields
  1440 | D:3      | Reached XP level 6. HP: 7/43 MP: 6/6
  1753 | D:3      | Found a deep blue altar of Sif Muna.
  2104 | D:4      | Found a hazy altar of Hepliaklqana.
  2104 | D:4      | Found an ornate altar of the Wu Jian Council.
  2118 | D:4      | Found a glowing drain.
  2188 | Sewer    | Entered a sewer
  2194 | Sewer    | Reached ** piety under Cheibriados
  2277 | Sewer    | Reached skill level 4 in Long Blades
  2277 | Sewer    | Reached XP level 7. HP: 43/49 MP: 7/7
  2298 | Sewer    | Found a white marble altar of Elyvilon.
  2439 | D:4      | Found Becheyh's General Store.
  2556 | D:4      | Found a sacrificial altar of Ru.
  2640 | D:5      | Entered Level 5 of the Dungeon
  2647 | D:5      | Found a hazy altar of Hepliaklqana.
  2658 | D:5      | Reached skill level 1 in Stealth
  2665 | D:5      | Reached skill level 5 in Fighting
  2665 | D:5      | Reached skill level 5 in Dodging
  2677 | D:5      | Found a shadowy altar of Dithmenos.
  2694 | D:5      | Reached *** piety under Cheibriados
  2694 | D:5      | Reached skill level 2 in Stealth
  2694 | D:5      | Reached skill level 5 in Shields
  2970 | D:5      | Reached XP level 8. HP: 54/55 MP: 8/8
  3063 | D:5      | Reached skill level 3 in Stealth
  3230 | D:5      | Reached skill level 5 in Long Blades
  3568 | D:5      | Found a staircase to the Ecumenical Temple.
  3784 | D:5      | Reached skill level 4 in Stealth
  3832 | D:6      | Reached **** piety under Cheibriados
  3969 | D:6      | Reached skill level 6 in Fighting
  3969 | D:6      | Reached skill level 6 in Dodging
  3969 | D:6      | Reached skill level 6 in Shields
  4018 | D:6      | Reached XP level 9. HP: 56/62 MP: 9/9
  4024 | D:6      | Reached skill level 5 in Stealth
  4318 | D:6      | Reached ***** piety under Cheibriados
  4337 | D:7      | Reached skill level 6 in Long Blades
  4415 | D:7      | Reached skill level 6 in Stealth
  4516 | D:7      | Found a blossoming altar of Fedhas.
  4522 | D:7      | Learned a level 1 spell: Confusing Touch
  4526 | D:7      | Learned a level 3 spell: Confuse
  4558 | D:7      | Found a white marble altar of Elyvilon.
  4767 | D:7      | Found an ancient bone altar of Kikubaaqudgha.
  4960 | D:7      | Noticed Menkaure
  5170 | D:7      | Killed Menkaure
  5170 | D:7      | Reached skill level 7 in Fighting
  5170 | D:7      | Reached skill level 7 in Dodging
  5170 | D:7      | Reached skill level 7 in Shields
  5319 | D:8      | Reached XP level 10. HP: 71/71 MP: 10/10
  5454 | D:8      | Found a shimmering altar of Xom.
  5517 | D:8      | Reached skill level 7 in Long Blades
  5629 | D:8      | Reached ****** piety under Cheibriados
  5733 | D:8      | Found Kaowam's Weapon Shop.
  6003 | D:8      | Learned a level 5 spell: Metabolic Englaciation
  6344 | D:8      | Reached skill level 1 in Hexes
  6344 | D:8      | Reached skill level 1 in Ice Magic
  6418 | D:9      | Found a staircase to the Orcish Mines.
  6517 | D:9      | Reached skill level 2 in Hexes
  6517 | D:9      | Reached skill level 2 in Ice Magic
  6531 | D:9      | Reached skill level 3 in Hexes
  6531 | D:9      | Reached skill level 3 in Ice Magic
  6817 | D:9      | Reached skill level 4 in Hexes
  6817 | D:9      | Reached skill level 4 in Ice Magic
  7168 | D:9      | Reached skill level 5 in Hexes
  7194 | D:9      | Reached skill level 5 in Ice Magic
  7637 | D:10     | Entered Level 10 of the Dungeon
  7673 | D:10     | Reached XP level 11. HP: 75/75 MP: 11/11
  7863 | D:10     | Killed an unseen horror
  7863 | D:10     | Reached skill level 6 in Hexes
  7863 | D:10     | Reached skill level 6 in Ice Magic
  8436 | D:10     | Killed an unseen horror
  8763 | D:11     | Reached skill level 1 in Spellcasting
  8807 | D:11     | Found a staircase to the Lair.
  8817 | D:11     | Learned a level 3 spell: Conjure Flame
  8827 | D:11     | Reached skill level 1 in Fire Magic
  8831 | D:11     | Got a faintly glowing whip
  8853 | D:11     | Reached skill level 2 in Fire Magic
  8875 | D:11     | Reached skill level 3 in Fire Magic
  9058 | D:11     | Noticed a death knight
  9448 | D:12     | Reached skill level 1 in Invocations
  9460 | D:12     | Noticed a sun demon
  9709 | D:12     | Reached skill level 2 in Spellcasting
  9710 | D:12     | Noticed a skeletal warrior
  9838 | D:12     | Found Guv Fatt's Jewellery Boutique.
  9844 | D:12     | Bought an uncursed amulet of regeneration for 300 gold
                  | pieces
  9900 | D:12     | Noticed a skeletal warrior
  9901 | D:12     | Noticed a skeletal warrior
  9922 | D:12     | Noticed a cyclops
  9933 | D:12     | Killed a cyclops
  9933 | D:12     | Reached skill level 2 in Invocations
 10072 | D:12     | Reached XP level 12. HP: 81/82 MP: 15/15
 10136 | D:12     | Learned a level 3 spell: Mephitic Cloud
 10182 | D:12     | Reached skill level 7 in Stealth
 10189 | D:12     | Reached skill level 8 in Fighting
 10189 | D:12     | Reached skill level 8 in Dodging
 10189 | D:12     | Reached skill level 8 in Shields
 10443 | D:12     | Noticed a two-headed ogre
 10454 | D:12     | Killed a two-headed ogre
 10454 | D:12     | Reached skill level 3 in Invocations
 10647 | D:13     | Noticed Nessos
 10770 | D:13     | Reached skill level 3 in Spellcasting
 10772 | D:13     | Noticed Azrael
 10797 | D:13     | Killed Azrael
 10842 | D:13     | Noticed a two-headed ogre
 10858 | D:13     | Reached skill level 8 in Long Blades
 10862 | D:13     | Noticed a centaur warrior
 10997 | D:13     | Noticed Frances
 11009 | D:13     | Killed Frances
 11009 | D:13     | Reached skill level 8 in Stealth
 11009 | D:13     | Reached skill level 4 in Invocations
 11069 | D:13     | Identified the cursed +0 whip of the Swamp {slash, -Tele
                  | rElec Str+4 SInv} (You found it on level 11 of the Dungeon)
 11202 | Lair:1   | Entered Level 1 of the Lair of Beasts
 11285 | Lair:1   | Noticed Gastronok
 11501 | Lair:1   | Noticed a four-headed hydra
 11704 | Lair:1   | Noticed an eight-headed hydra
 12057 | Lair:2   | Reached skill level 4 in Spellcasting
 12390 | Lair:2   | Reached skill level 9 in Stealth
 12430 | Lair:2   | Reached skill level 9 in Shields
 12430 | Lair:2   | Reached skill level 5 in Invocations
 12803 | Lair:2   | Reached XP level 13. HP: 89/89 MP: 19/19
 13113 | Lair:3   | Got a clouded turquoise ring
 13115 | Lair:3   | Identified the ring "Qeunt" {MP+9 SInv} (You found it on
                  | level 3 of the Lair of Beasts)
 13311 | Lair:3   | Reached skill level 10 in Stealth
 13372 | Lair:3   | Reached skill level 10 in Shields
 13504 | Lair:3   | Noticed Snorg
 13875 | Lair:4   | Reached skill level 11 in Shields
 14381 | Lair:4   | Found a staircase to the Swamp.
 14478 | Lair:4   | Reached skill level 12 in Shields
 15290 | Lair:3   | Found a white marble altar of Elyvilon.
 15337 | Lair:3   | Found a staircase to the Snake Pit.
 15751 | Lair:3   | Killed Snorg
 15898 | Lair:1   | Reached skill level 13 in Shields
 16051 | Lair:5   | Found a staircase to the Slime Pits.
 16055 | Lair:5   | Found a viscous altar of Jiyva.
 16070 | Lair:5   | Reached XP level 14. HP: 79/95 MP: 10/20
 16981 | Lair:6   | Entered Level 6 of the Lair of Beasts
 17089 | Lair:6   | Reached skill level 14 in Shields
 17548 | Lair:6   | Learned a level 1 spell: Animate Skeleton
 17806 | Lair:6   | Noticed a dire elephant
 17829 | Lair:6   | Killed a dire elephant
 17829 | Lair:6   | Reached skill level 15 in Shields
 17841 | Lair:6   | Learned a level 3 spell: Regeneration
 17904 | Lair:6   | Noticed a dire elephant
 17936 | Lair:6   | Reached skill level 1 in Charms
 17936 | Lair:6   | Reached skill level 1 in Necromancy
 17941 | Lair:6   | Found a burning altar of Makhleb.
 18021 | Lair:6   | Killed a dire elephant
 18021 | Lair:6   | Reached skill level 2 in Charms
 18021 | Lair:6   | Reached skill level 2 in Necromancy
 18134 | Lair:6   | Reached skill level 3 in Charms
 18134 | Lair:6   | Reached skill level 3 in Necromancy
 18161 | Lair:6   | Found a gateway to Hell.
 18190 | Lair:6   | Gained mutation: You have very sharp teeth. [potion of
                  | mutation]
 18190 | Lair:6   | Gained mutation: Your natural rate of healing is unusually
                  | fast. [potion of mutation]
 18190 | Lair:6   | Gained mutation: Your spells are a little harder to cast,
                  | but a little more powerful. [potion of mutation]
 18522 | Swamp:1  | Entered Level 1 of the Swamp
 18545 | Lair:4   | Reached skill level 1 in Conjurations
 18545 | Lair:4   | Reached skill level 1 in Air Magic
 18622 | Lair:4   | Reached skill level 2 in Conjurations
 18622 | Lair:4   | Reached skill level 2 in Air Magic
 18834 | Snake:1  | Entered Level 1 of the Snake Pit
 18898 | Snake:1  | Found Puosuol's Assorted Antiques.
 18930 | Snake:1  | Reached skill level 3 in Conjurations
 18930 | Snake:1  | Reached skill level 3 in Air Magic
 19195 | Orc:1    | Entered Level 1 of the Orcish Mines
 19245 | Orc:1    | Found a roughly hewn altar of Beogh.
 19655 | Orc:2    | Entered Level 2 of the Orcish Mines
 19753 | Orc:2    | Noticed an orc warlord
 19848 | Orc:2    | Killed an orc warlord
 19848 | Orc:2    | Reached skill level 4 in Conjurations
 19848 | Orc:2    | Reached skill level 4 in Air Magic
 19848 | Orc:2    | Reached XP level 15. HP: 80/100 MP: 12/21
 20270 | Orc:2    | Found a staircase to the Elven Halls.
 20695 | Orc:2    | Found Zupit's General Store.
 20696 | Orc:2    | Found Toiluneh's Magic Scroll Emporium.
 20712 | Orc:2    | Reached skill level 5 in Spellcasting
 20738 | Orc:2    | Gained mutation: You are occasionally teleported next to
                  | monsters. [a neqoxec]
 20740 | Orc:2    | Gained mutation: Your mind is acute. (Int +2) [a neqoxec]
 20879 | Orc:2    | Reached skill level 6 in Spellcasting
 20965 | Orc:2    | Reached skill level 7 in Spellcasting
 21052 | Orc:2    | Found Solereis's Antique Weapon Shop.
 21052 | Orc:2    | Found a one-way gate leading to the halls of Pandemonium.
 21052 | Orc:2    | Found Numityf's Gadget Boutique.
 21067 | Orc:2    | Bought a bloodstained rapier for 306 gold pieces
 21071 | Orc:2    | Identified the +6 rapier of Big Damage {elec, +Fly rPois
                  | rF+ Str+4} (You bought it in a shop on level 2 of the
                  | Orcish Mines)
 21117 | Orc:2    | Bought 2 scrolls of fear for 105 gold pieces
 21143 | Orc:1    | Noticed Erica
 21147 | Orc:1    | Killed Erica
 21147 | Orc:1    | Reached skill level 6 in Invocations
 21601 | Swamp:1  | Reached skill level 7 in Invocations
 21734 | Swamp:1  | Reached skill level 8 in Invocations
 22060 | Swamp:1  | Reached skill level 9 in Fighting
 22430 | Swamp:2  | Reached skill level 9 in Long Blades
 22612 | Swamp:2  | Reached XP level 16. HP: 96/108 MP: 27/27
 22617 | Swamp:2  | Got a fine quarterstaff
 22902 | Swamp:2  | Reached skill level 10 in Fighting
 22946 | Swamp:2  | Reached skill level 10 in Long Blades
 22966 | Swamp:2  | Reached skill level 9 in Dodging
 23018 | Swamp:2  | Got a scorched great sword
 23716 | Swamp:3  | Identified a scroll of acquirement
 23716 | Swamp:3  | Identified the Tome of Attacks (You acquired it on level 3
                  | of the Swamp)
 23726 | Swamp:3  | Learned a level 5 spell: Fireball
 23829 | Swamp:3  | Reached skill level 10 in Dodging
 23829 | Swamp:3  | Noticed a thorn hunter
 23853 | Swamp:3  | Reached skill level 5 in Conjurations
 23853 | Swamp:3  | Reached skill level 4 in Fire Magic
 23905 | Swamp:3  | Found a frozen archway.
 23931 | IceCv    | Entered an ice cave
 24634 | Swamp:3  | Reached skill level 5 in Fire Magic
 24706 | Swamp:3  | Reached skill level 6 in Conjurations
 24947 | Swamp:3  | Killed a thorn hunter
 25226 | Swamp:4  | Entered Level 4 of the Swamp
 25276 | Swamp:4  | Reached skill level 1 in Slings
 25280 | Swamp:4  | Reached skill level 2 in Slings
 25319 | Swamp:4  | Noticed Donald
 25323 | Swamp:4  | Reached skill level 3 in Slings
 25332 | Swamp:4  | Killed Donald
 25332 | Swamp:4  | Reached skill level 4 in Slings
 25350 | Swamp:4  | Reached skill level 5 in Slings
 25377 | Swamp:4  | Reached XP level 17. HP: 36/115 MP: 1/28
 25625 | Swamp:4  | Got a decaying rune of Zot
 25632 | Swamp:4  | Noticed a tentacled monstrosity
 25646 | Swamp:4  | Killed a tentacled monstrosity
 25646 | Swamp:4  | Reached skill level 6 in Slings
 25735 | Swamp:4  | Reached skill level 7 in Slings
 25918 | Swamp:4  | Reached skill level 16 in Shields
 26759 | Snake:1  | Found Roiny's Food Boutique.
 26917 | Snake:1  | Learned a level 5 spell: Summon Mana Viper
 27240 | Snake:1  | Identified Roxanne's Incunabulum of the Mountains
 27240 | Snake:1  | Noticed Roxanne
 27250 | Snake:1  | Killed Roxanne
 27810 | Snake:2  | Reached skill level 8 in Spellcasting
 28012 | Snake:2  | Learned a level 6 spell: Statue Form
 28032 | Snake:2  | Reached skill level 1 in Transmutations
 28032 | Snake:2  | Reached skill level 1 in Earth Magic
 28221 | Snake:2  | Reached skill level 2 in Transmutations
 28221 | Snake:2  | Reached skill level 2 in Earth Magic
 28628 | Snake:2  | Reached skill level 3 in Transmutations
 28628 | Snake:2  | Reached skill level 3 in Earth Magic
 29269 | Snake:3  | Found Xeafamall's Assorted Antiques.
 29291 | Snake:3  | Reached skill level 4 in Transmutations
 29291 | Snake:3  | Reached skill level 4 in Earth Magic
 29726 | Snake:3  | Reached XP level 18. HP: 120/120 MP: 30/30
 29959 | Snake:4  | Entered Level 4 of the Snake Pit
 30024 | Snake:4  | Reached skill level 5 in Transmutations
 30045 | Snake:4  | Reached skill level 5 in Earth Magic
 30100 | Snake:4  | Noticed Aizul
 30123 | Snake:4  | Reached skill level 6 in Transmutations
 30123 | Snake:4  | Reached skill level 6 in Earth Magic
 30145 | Snake:4  | Reached skill level 7 in Transmutations
 30145 | Snake:4  | Reached skill level 7 in Earth Magic
 30254 | Snake:4  | Killed Aizul
 30510 | Snake:4  | Found Feutann's Mass Market.
 30679 | Snake:4  | Reached skill level 8 in Earth Magic
 30698 | Snake:4  | Reached skill level 8 in Transmutations
 31141 | Snake:4  | Got a serpentine rune of Zot
 31248 | Snake:4  | Noticed Vashnia
 31288 | Snake:4  | Killed Vashnia
 31288 | Snake:4  | Reached skill level 9 in Transmutations
 31288 | Snake:4  | Reached skill level 9 in Earth Magic
 31772 | Orc:2    | Bought a book of the Warp for 900 gold pieces
 31774 | Orc:2    | Bought a potion of might for 40 gold pieces
 31956 | D:12     | Bought a +5 ring of intelligence for 412 gold pieces
 32164 | D:13     | Killed Nessos
 32213 | D:13     | Reached XP level 19. HP: 103/126 MP: 2/31
 32592 | D:14     | Noticed Louise
 32602 | D:14     | Killed Louise
 32602 | D:14     | Reached skill level 10 in Earth Magic
 32729 | D:14     | Reached skill level 10 in Transmutations
 33183 | D:14     | Reached skill level 9 in Spellcasting
 33303 | D:14     | Found a gate to the Vaults.
 33668 | D:15     | Entered Level 15 of the Dungeon
 33916 | D:15     | Reached skill level 10 in Spellcasting
 33945 | D:15     | Found a stormy altar of Qazlal.
 34054 | D:15     | Found a staircase to the Depths.
 34092 | D:15     | Learned a level 8 spell: Controlled Blink
 34154 | D:15     | Noticed Kirke
 34162 | D:15     | Killed Kirke
 34162 | D:15     | Reached skill level 1 in Translocations
 34353 | D:15     | Reached skill level 2 in Translocations
 34482 | Depths:1 | Entered Level 1 of the Depths
 34482 | Depths:1 | Noticed a lich
 34484 | Depths:1 | Killed a lich
 34484 | Depths:1 | Reached skill level 3 in Translocations
 34497 | Depths:1 | Found a gateway to a ziggurat.
 34497 | Depths:1 | Noticed a lich
 34559 | Depths:1 | Noticed Sojobo
 34580 | Depths:1 | HP: 9/163 [battlesphere[Sojobo] (23)]
 34581 | Depths:1 | Slain by a tengu reaver

Levels and vault maps discovered:
D:1:      dpeg_arrival_central, layout_rooms, supply_closet_lemuel,
          minmay_pentomino_u4
D:2:      layout_basic, chequers_temple_overflow_minitemple,
          lemuel_coloured_pillars_altar, chequers_ecumenical_altar_twisty,
          first_ration
D:3:      layout_rooms, lemuel_doored_altar, kennysheep_slug_shrine
D:4:      layout_basic, chequers_temple_overflow_statue_of_worship,
          nicolae_ru_awakened_eye, serial_shops, nicolae_shop_trees,
          cheibrodos_sewer_entry_sluice
D:5:      cheibrodos_barr_body, layout_basic, old_standard_altar, temple_green,
          basic_altar
D:6:      layout_rooms
D:7:      layout_basic, kiku_gazebo_pond_becter, kennysheep_mini,
          fedhas_altar_2, uniq_menkaure
D:8:      layout_gridville, old_standard_altar, serial_shops,
          kennysheep_mini_moat
D:9:      layout_gridville, orc_0_dummy, grunt_ogre_cave
D:10:     layout_basic
D:11:     minmay_chambers_of_sixes, layout_irregular_city, david_lair_generic,
          kennysheep_cross_bottleneck
D:12:     layout_long_grid, serial_shops, nicolae_shop_stone,
          minmay_misc_feat_nine_boxes, minmay_misc_feat_more_columns
D:13:     layout_small_grid, st_stairs_10, uniq_azrael, uniq_frances,
          uniq_nessos
D:14:     layout_stronghold, grunt_vaults_entry_fortified,
          grunt_decor_one_mirror, uniq_louise
D:15:     grunt_enter_depths_snipers, layout_small_grid, serial_park_paths
          [serial_park_minivault_5x5_2], nicolae_qazlal_general_emergency,
          uniq_kirke
Lair:1:   layout_chaotic_city, grunt_megastairs_2, infiniplex_staircase_pool,
          uniq_gastronok
Lair:2:   layout_cave_pods
Lair:3:   cheibrodos_lair_overgrown_chateau, layout_cave_pods, basic_altar,
          beast_lair_carwin_9, serial_bayou_shore_b, uniq_snorg
Lair:4:   layout_cave_pods, palyth_hydra_swamp_entry, grunt_megastairs_5
Lair:5:   layout_layer_cave, slime_altar_1, serial_bayou_pond_d,
          serial_bayou_lagoon_a
Lair:6:   evil_forest, layout_regular_city
Swamp:1:  layout_basic_swamp, evilmike_swamp_ruin_rubble_1
Swamp:2:  layout_basic_swamp, evilmike_swamp_ruin_wall
Swamp:3:  layout_falls_marsh, portal_ice_cave_entry_dragon,
          evilmike_swamp_ruin_house_3, swamp_pool3
Swamp:4:  swamp_fiery, layout_basic_swamp, swamp_pool2, uniq_donald
Snake:1:  layout_layer_cave, minmay_shoptagon, uniq_roxanne
Snake:2:  layout_cave_shapes, grunt_ministairs_14,
          nicolae_snake_serpentine_hallways, st_stairs_10, drop_trap,
          hangedman_snake_pattern, nicolae_snake_shapes
Snake:3:  layout_onion_interference, serial_shops, shop
Snake:4:  johnstein_snake_rune_scales, layout_onion, serial_bayou_ford_a,
          minmay_shop_mass, drop_trap, library_closet, st_stairs_12,
          hangedman_snake_corridor_cut, serial_bayou_shore_b,
          serial_bayou_shore_a, uniq_aizul
Orc:1:    layout_caves, basic_altar, uniq_erica
Orc:2:    pf_orc_diabolical, layout_caves, mines2_lemuel
Depths:1: layout_cave_shapes, enter_ziggurat_d, glass_columns_a,
          lightli_too_deep, minmay_variable_closet, tgw_lugonu_bribe,
          minmay_shop_grove, grunt_megastairs_3, uniq_sojobo
Sewer:    sewer_kobolds
IceCv:    ice_cave_statue_garden_chambered

Skill      XL: |  1  2  3  4  5  6  7  8  9 10 11 12 13 14 15 16 17 18 19 |
---------------+----------------------------------------------------------+-----
Long Blades    | 3 4 5 6 7 8 9 10 | 10.0
Fighting       | 4 5 6 7 8 9 10 | 10.0
Dodging        | 4 5 6 7 8 10 | 10.0
Shields        | 4 5 6 7 9 13 15 16 | 16.7
Stealth        | 2 4 6 9 10 | 10.0
Hexes          | 5 6 |  6.8
Ice Magic      | 5 6 |  6.9
Spellcasting   | 2 4 7 8 10 | 10.3
Fire Magic     | 3 5 |  5.7
Invocations    | 2 5 8 |  8.0
Charms         | 3 |  3.1
Necromancy     | 3 |  3.1
Conjurations   | 4 6 |  6.4
Air Magic      | 4 |  4.8
Slings         | 5 7 |  7.0
Transmutations | 4 9 10 | 10.0
Earth Magic    | 4 9 10 | 10.0
Translocations | 3 |  3.8

Action                   |  1- 3 |  4- 6 |  7- 9 | 10-12 | 13-15 | 16-18 | 19-21 || total
-------------------------+-------+-------+-------+-------+-------+-------+-------++-------
Melee: Long sword        |    47 |    88 |   226 |   200 |       |       |       ||   561
       Constrict         |    15 |    25 |    75 |    81 |   184 |    95 |    33 ||   508
       Tentacles         |     8 |    26 |   111 |   309 |   448 |   444 |    92 ||  1438
       Falchion          |       |       |       |   359 |    45 |       |       ||   404
       Scimitar          |       |       |       |       |   742 |   702 |   177 ||  1621
       Dagger            |       |       |       |       |     3 |       |       ||     3
       Bite              |       |       |       |       |   154 |   217 |    57 ||   428
       Rapier            |       |       |       |       |   153 |   249 |       ||   402
 Fire: Fustibalus        |       |       |       |       |     2 |   234 |    41 ||   277
Throw: Stone             |       |       |       |    25 |    66 |    29 |       ||   120
       Throwing net      |       |       |       |       |       |     2 |     1 ||     3
 Cast: Confuse           |       |       |     1 |     2 |     1 |       |       ||     4
       Metabolic Englaci |       |       |       |    18 |    50 |    23 |       ||    91
       Conjure Flame     |       |       |       |     6 |    38 |    14 |       ||    58
       Mephitic Cloud    |       |       |       |     5 |    44 |     6 |     1 ||    56
       Regeneration      |       |       |       |       |    17 |    22 |     3 ||    42
       Animate Skeleton  |       |       |       |       |    13 |    26 |       ||    39
       Confusing Touch   |       |       |       |       |     1 |     2 |       ||     3
       Fireball          |       |       |       |       |       |    41 |     1 ||    42
       Summon Mana Viper |       |       |       |       |       |    24 |       ||    24
       Statue Form       |       |       |       |       |       |     7 |    10 ||    17
Invok: Temporal Distorti |       |       |       |       |     4 |       |       ||     4
       Slouch            |       |       |       |       |       |     9 |       ||     9
       Bend Time         |       |       |       |       |       |     1 |       ||     1
Evoke: Wand              |       |       |     1 |     3 |       |     1 |       ||     5
       Phial of floods   |       |       |       |       |       |       |     1 ||     1
  Use: Potion            |     1 |     7 |       |     3 |     3 |     8 |       ||    22
       Scroll            |       |       |     9 |    11 |     8 |    18 |     1 ||    47
 Stab: Sleeping          |     1 |     2 |    23 |    23 |    24 |    23 |    10 ||   106
       Invisible         |       |     1 |       |       |       |     5 |       ||     6
       Distracted        |       |       |     2 |     1 |     5 |    11 |       ||    19
       Confused          |       |       |       |       |    37 |     5 |       ||    42
  Eat: Chunk             |       |     3 |     5 |    10 |    30 |    16 |     6 ||    70
       Ration            |       |       |       |     5 |     2 |     6 |       ||    13
Armor: Skin              |     8 |    12 |    47 |   134 |    98 |   188 |    75 ||   562
Dodge: Dodged            |    26 |    49 |   150 |   446 |   447 |   768 |   168 ||  2054
Block: Buckler           |     3 |    20 |    57 |   192 |       |       |       ||   272
       Shield            |       |       |       |    20 |   691 |   990 |   228 ||  1929
       Rpst.: Long sword |     4 |    12 |    50 |    41 |       |       |       ||   107
       Falchion          |       |       |       |    51 |     6 |       |       ||    57
       Scimitar          |       |       |       |       |    61 |   126 |    30 ||   217

Table legend:
 A = Non-vault XP
 B = Vault XP
 C = Vault XP percentage of total XP
 D = Non-vault monster count
 E = Vault monster count
 F = Vault count percentage of total count
                 A         B        C        D         E       F
            +---------+---------+-------+---------+---------+-------
      Total |  214158 |  141463 |  39.8 |     893 |     333 |  27.2
            +---------+---------+-------+---------+---------+-------
        D:1 |      14 |       5 |  26.3 |       8 |       3 |  27.3
        D:2 |      13 |       0 |   0.0 |       5 |       0 |   0.0
        D:3 |     403 |       4 |   1.0 |      40 |       1 |   2.4
        D:4 |     214 |      20 |   8.5 |      14 |       3 |  17.6
        D:5 |     813 |     257 |  24.0 |      22 |       6 |  21.4
        D:6 |    1086 |       0 |   0.0 |      35 |       0 |   0.0
        D:7 |    1281 |     175 |  12.0 |      37 |       1 |   2.6
        D:8 |    1430 |       0 |   0.0 |      39 |       0 |   0.0
        D:9 |    3040 |     112 |   3.6 |      30 |       1 |   3.2
       D:10 |    3543 |       0 |   0.0 |      25 |       0 |   0.0
       D:11 |    2533 |    3724 |  59.5 |      25 |      10 |  28.6
       D:12 |    7825 |       0 |   0.0 |      30 |       0 |   0.0
       D:13 |    4515 |    5880 |  56.6 |       9 |       9 |  50.0
       D:14 |    6989 |    9621 |  57.9 |      27 |      11 |  28.9
       D:15 |   10101 |    4670 |  31.6 |      26 |       5 |  16.1
     Lair:1 |    3620 |     247 |   6.4 |      13 |       2 |  13.3
     Lair:2 |    2814 |       0 |   0.0 |      13 |       0 |   0.0
     Lair:3 |    4445 |    6373 |  58.9 |      20 |      18 |  47.4
     Lair:4 |    8203 |    3486 |  29.8 |      26 |      10 |  27.8
     Lair:5 |    4725 |       0 |   0.0 |      26 |       0 |   0.0
     Lair:6 |    9492 |    9357 |  49.6 |      25 |      25 |  50.0
    Swamp:1 |   13651 |       0 |   0.0 |      35 |       0 |   0.0
    Swamp:2 |   16576 |       0 |   0.0 |      44 |       0 |   0.0
    Swamp:3 |   18000 |     989 |   5.2 |      51 |       1 |   1.9
    Swamp:4 |   18373 |   14562 |  44.2 |      52 |      29 |  35.8
    Snake:1 |   13833 |    1126 |   7.5 |      30 |       1 |   3.2
    Snake:2 |   16720 |    9380 |  35.9 |      29 |      14 |  32.6
    Snake:3 |    5786 |       0 |   0.0 |       8 |       0 |   0.0
    Snake:4 |   19199 |   44305 |  69.8 |      40 |      81 |  66.9
      Orc:1 |    4285 |     965 |  18.4 |      50 |       1 |   2.0
      Orc:2 |    4789 |   17611 |  78.6 |      50 |      64 |  56.1
   Depths:1 |    5847 |     615 |   9.5 |       9 |       2 |  18.2
      Sewer |       0 |     130 | 100.0 |       0 |      13 | 100.0
      IceCv |       0 |    7849 | 100.0 |       0 |      22 | 100.0
            +---------+---------+-------+---------+---------+-------
